 Dungeon Crawl Stone Soup version 0.28-a0-1080-g05a166d0ed (webtiles) character file.

Game seed: 8173884017586610054

133 yoda5477 the Sneak (level 4, -3/35 HPs)
             Began as a Demonspawn Delver on Dec 9, 2021.
             Slain by a river rat (5 damage)
             ... on level 3 of the Dungeon.
             The game lasted 00:06:38 (2649 turns).

yoda5477 the Sneak (Demonspawn Delver)              Turns: 2649, Time: 00:06:39

Health: -3/35      AC:  3    Str: 14    XL:     4   Next: 94%
Magic:  4/4        EV: 12    Int: 12    God:
Gold:   58         SH:  0    Dex: 14    Spells: 3/3 levels left

rFire   . . .      SeeInvis .   a - +0 hand axe
rCold   . . .      Faith    .   (no shield)
rNeg    . . .      Spirit   .   (no armour)
rPois   .          Reflect  .   (helmet restricted)
rElec   .          Harm     .   (no cloak)
rCorr   .          Rampage  .   d - +0 pair of gloves
Will    .....                   (no boots)
Stlth   +++.......              (no amulet)
HPRegen 0.11/turn               (no ring)
MPRegen 0.09/turn               (no ring)

@: no status effects
A: antennae 1, slimy green scales 1, powered by death 1
a: no special abilities


You were on level 3 of the Dungeon.
You visited 1 branch of the dungeon, and saw 5 of its levels.

You collected 58 gold pieces.

Inventory:

Hand Weapons
 a - a +0 hand axe (weapon)
Missiles
 j - 8 bolts
 m - 18 arrows
Armour
 b - a +0 leather armour
 d - a +0 pair of gloves (worn)
 o - a +0 chain mail
Wands
 g - a wand of digging (3)
Scrolls
 c - a scroll of fog
 e - a scroll of fear
 h - 3 scrolls of enchant weapon {unknown}
 n - a scroll of blinking {unknown}
Potions
 f - 2 potions of haste
 i - a potion of ambrosia {unknown}
 k - a potion of cancellation {unknown}
 l - a potion of brilliance {unknown}
 p - a potion of curing {unknown}
 q - a potion of heal wounds


   Skills:
 - Level 3.0 Fighting
 * Level 4.1 Axes
 + Level 1.6 Armour
 - Level 1.7 Dodging
 - Level 4.7 Stealth


You had 3 spell levels left.
You didn't know any spells.
Your spell library contained the following spells:

 Spells                   Type           Power      Damage    Failure   Level
 Animate Skeleton         Necr           0%         N/A       32%         1
 Apportation              Tloc           0%         N/A       32%         1
 Summon Small Mammal      Summ           0%         N/A       32%         1


Dungeon Overview and Level Annotations

Branches:
Dungeon (5/15)
 Temple: D:4-7

Altars:
Elyvilon
Hepliaklqana

Annotations:
D:2 exclusion: gnoll


Innate Abilities, Weirdness & Mutations

You have a pair of small antennae on your head.
You are partially covered in slimy green scales. (AC +2)
You regenerate a little health from kills.


Message History

* * * LOW HITPOINT WARNING * * *
You closely miss the river rat.
The river rat is heavily wounded.
The river rat bites you.
* * * LOW HITPOINT WARNING * * *
You closely miss the river rat.
The river rat is heavily wounded.
The river rat misses you.
You barely miss the river rat.
The river rat is heavily wounded.
The river rat bites you.
* * * LOW HITPOINT WARNING * * *
You barely miss the river rat.
The river rat is heavily wounded.
The river rat closely misses you.
You hit the river rat but do no damage.
The river rat is heavily wounded.
The river rat closely misses you.
You barely miss the river rat.
The river rat is heavily wounded.
The river rat bites you.
* * * LOW HITPOINT WARNING * * *
You hit the river rat but do no damage.
The river rat is heavily wounded.
The river rat misses you. The river rat barely misses you.
You hit the river rat.
The river rat is severely wounded.
The river rat barely misses you.
You closely miss the river rat.
The river rat is severely wounded.
An adder comes into view.
The river rat barely misses you.
The adder hisses angrily.
You hit the river rat but do no damage.
The river rat is severely wounded.
The river rat closely misses you.
You hit the river rat but do no damage.
The river rat is severely wounded.
The river rat bites you.
You die...

........).# #......
.........# #......
#######..###+###......
#≈≈≈≈≈#....<..........
#≈≈≈≈≈#....#..........
#≈≈.≈≈#....#..........
#≈≈≈B{#..###..........
#.####r##..#
#..........
#......@...#
#..........
##.........#
#########..
#...####### .. #... ..
#... #.. #.. #.


You could see a river rat and a giant cockroach.

Vanquished Creatures
  Jessica (D:3)
  Terence (D:2)
  A gnoll (D:2)
  2 adders (D:2)
  An adder skeleton (D:3)
  A worm (D:3)
  2 dart slugs
  5 ball pythons
  5 bats
  4 endoplasms
  4 giant cockroaches
  4 hobgoblins
  5 quokkas
  5 frilled lizards
  2 kobolds
  3 rats
46 creatures vanquished.

Notes
Turn   | Place    | Note
-------+----------+-------------------------------------------
     0 | D:5      | yoda5477 the Demonspawn Delver began the quest for the Orb.
     0 | D:5      | Reached XP level 1. HP: 18/18 MP: 1/1
    96 | D:3      | Found a hazy altar of Hepliaklqana.
   239 | D:2      | Gained mutation: You are partially covered in slimy green
                  | scales. (AC +2) [demonic ancestry]
   239 | D:2      | Reached XP level 2. HP: 18/24 MP: 2/2
   699 | D:1      | Found a faded altar of an unknown god.
   704 | D:1      | Gained mutation: You have a pair of small antennae on your
                  | head. [demonic ancestry]
   704 | D:1      | Reached XP level 3. HP: 29/29 MP: 3/3
  1059 | D:2      | Noticed Terence
  1355 | D:2      | Reached skill level 1 in Armour
  1820 | D:2      | HP: 1/29 [Terence (1)]
  1822 | D:2      | Killed Terence
  1823 | D:2      | Gained mutation: You regenerate a little health from kills.
                  | [demonic ancestry]
  1823 | D:2      | Reached XP level 4. HP: 2/35 MP: 4/4
  2391 | D:3      | Noticed Jessica
  2413 | D:3      | Killed Jessica
  2644 | D:3      | HP: 1/35 [river rat (3)]
  2649 | D:3      | Slain by a river rat

Illustrated notes

Levels and vault maps discovered:
D:1:      minmay_arrival_five_plusses, layout_rooms,
          dreamdust_ecumenical_altar_statues, interstate_on_off
D:2:      layout_basic, uniq_terence
D:3:      layout_basic, grunt_temple_overflow_bloody_war,
          mainiacjoe_overflow_large_starburst, portal_sewer_entry_c,
          roderic_lattice_a, kennysheep_nondescript, uniq_robin, uniq_jessica
D:4:      layout_gridville, lemuel_crystal_altar, minmay_temple_entry_mist,
          uniq_eustachio
D:5:      layout_layer_cave, serial_shops, nicolae_shop_waterfront,
          enter_ossuary_4

Skill      XL: |  1  2  3  4 |
---------------+-------------+-----
Axes           | 2 3 4 |  4.1
Armour         | 1 |  1.6
Fighting       | |  3.0
Dodging        | |  1.7
Stealth        | |  4.7

Action                   |  1- 3 |  4- 6 || total
-------------------------+-------+-------++-------
Melee: Hand axe          |   131 |    78 ||   209
  Use: Scroll            |     1 |       ||     1
 Stab: Sleeping          |    10 |     1 ||    11
Armor: Leather armour    |    47 |     7 ||    54
       Skin              |       |     5 ||     5
Dodge: Dodged            |    66 |    52 ||   118

Table legend: (Time is in decaauts)
 A = Elapsed time spent in this place.
 B = Non-inter-level travel time spent in this place.
 C = Inter-level travel time spent in this place.
 D = Time resting spent in this place.
 E = Time spent auto-exploring this place.
 F = Levels seen in this place.
 G = Mean time per level.
                   A        B        C        D        E       F      G
               +--------+--------+--------+--------+--------+-----+--------+
         Total |   2680 |   2669 |     11 |    776 |   1093 |   5 |  536.0 |
       Dungeon |   2680 |   2669 |     11 |    776 |   1093 |   5 |  536.0 |
               +--------+--------+--------+--------+--------+-----+--------+

Top non-repeatable levels by time:
     D:2: 1358 daAuts
     D:1: 717 daAuts
     D:3: 575 daAuts
     D:4: 15 daAuts
     D:5: 14 daAuts
